[Event "*** Titled Tuesday Blitz"]
[Site "Chess.com"]
[Date "2020.04.14"]
[Round "4"]
[White "Elshan1985"]
[Black "Korchmar_Vasiliy"]
[Result "1/2-1/2"]
[WhiteElo "2692"]
[BlackElo "2526"]
[TimeControl "180+1"]
[EndTime "10:41:16 PDT"]
[Termination "Game drawn - insufficient material"]

1. Nf3 d5 2. d4 Nf6 3. Bf4 c5 4. c3 Nc6 5. e3 Qb6 6. Qb3 c4 7. Qc2 Bf5 8. Qc1 e6 9. Nbd2 h6 10. h3 Be7 11. b3 cxb3 12. axb3 O-O 13. Be2 Rfc8 14. Qb2 a5 15. O-O a4 16. b4 Nxb4 17. Rfc1 a3 18. Qb3 Qc6 19. Ne5 Qa4 20. Qxa4 Rxa4 21.
Bd1 Raa8 22. cxb4 Rxc1 23. Rxc1 a2 24. Nb3 Bb1 25. Bc2 Rc8 26. Rxb1 axb1=Q+ 27. Bxb1 Rc3 28. Nd2 Bxb4 29. Bd3 Rxd3 30. Nxd3 Bxd2 31. Kf1 Kf8 32. Ke2 Ba5 33. Bd6+ Ke8 34. f3 Nd7 35. e4 dxe4 36. fxe4 f6 37. Ke3 Kf7 38. d5 Bb6+ 39. Kf3 Ba7 40. Nf4 exd5 41. exd5 b5 42. Ke4 Bc5 43. Bxc5 Nxc5+ 44. Kd4 Nd7 45. Kc3 Ke7 46. Nh5 g6 47. Nf4 g5 48. Ne2 Kd6 49. Kd4 b4 50. Ng3 Ke7 51. Nf5+ Kf7 52. Nxh6+ Kg6 53. Ng4 Kf5 54.
Nf2 Kf4 55. Nd3+ Kg3 56. Nxb4 Kxg2 57. d6 Kxh3 58. Kd5 g4 59. Ke6 Nb6 60. Nd5 g3 61.
Nxb6 g2 62. d7 g1=Q 63. d8=Q Qe1+ 64. Kf7 Qh4 65. Qd3+ Qg3 66. Qf5+ Qg4 67. Qf1+ Kh2 68. Nd5 Qh5+ 69. Ke6 Qe5+ 70. Kf7 Qxd5+ 71. Kxf6 Qd6+ 72.
Kg5 Qe5+ 73. Qf5 Qg7+ 74. Kf4 Qg3+ 75. Ke4 Qg2+ 76. Qf3 Qxf3+ 77. Kxf3 1/2-1/2

[Event "*** Titled Tuesday Blitz"]
[Site "Chess.com"]
[Date "2020.04.14"]
[Round "4"]
[White "Barbus89"]
[Black "googlegoom"]
[Result "0-1"]
[WhiteElo "2321"]
[BlackElo "2501"]
[TimeControl "180+1"]
[EndTime "10:41:17 PDT"]
[Termination "googlegoom won by checkmate"]

1. d4 d5 2. c4 c6 3. cxd5 cxd5 4. Nc3 Nf6 5. Bf4 Nc6 6. Nf3 e6 7. e3 Be7 8. Bd3 Bd7 9. O-O Nh5 10. Be5 f6 11.
Nd2 g6 12. Bg3 Nxg3 13. hxg3 O-O 14. Rc1 Rc8 15. Nb3 b6 16. Ba6 Rb8 17. a3 Kg7 18. e4 dxe4 19. d5 exd5 20. Qxd5 Bc8 21. Bxc8 Rxc8 22. Qxe4 f5 23. Qa4 Qd7 24. Rfd1 Qb7 25.
Nd5 Rfd8 26. Nxe7 Rxd1+ 27. Rxd1 Qxe7 28. Nd4 Nxd4 29. Rxd4 Rc7 30. Qb5 Qe1+ 31. Kh2 Re7 32. Rd7 Qe6 33. Rxe7+ Qxe7 34. Qd5 Kh6 35. Qd2+ Kg7 36.
Qd4+ Kf7 37. b4 Kg8 38. f3 Kf7 39. a4 Ke6 40. a5 bxa5 41. bxa5 Kf7 42. a6 Qc7 43. Qd5+ Ke7 44. Qa8 Kd6 45. Qf8+ Kc6 46. Qb4 Qb6 47. Qc4+ Qc5 48. Qe6+ Kb5 49. Kh3 Qb6 50.
Qe2+ Ka5 51. Qa2+ Kb5 52. Qe2+ Kc6 53. Qe6+ Kc7 54. Qf7+ Kc8 55. Qxh7 Qxa6 56. g4 fxg4+ 57. Kxg4 Qe6+ 58. Kg5 Qf5+ 59. Kh6 Qh5+ 60. Kg7 Qxh7+ 61. Kxh7 a5 62. f4 a4 63. g4 a3 64. f5 a2 65.
fxg6 a1=Q 66. g5 Qh1+ 67. Kg8 Kd7 68. g7 Ke7 69. g6 Kf6 70. Kf8 Qa8# 0-1

[Event "*** Titled Tuesday Blitz"]
[Site "Chess.com"]
[Date "2020.04.14"]
[Round "4"]
[White "Blitzstream"]
[Black "Kavyev_Ruslan"]
[Result "1/2-1/2"]
[WhiteElo "2702"]
[BlackElo "2531"]
[TimeControl "180+1"]
[EndTime "10:41:18 PDT"]
[Termination "Game drawn by repetition"]

1. g4 d5 2. g5 e5 3. d3 Nc6 4.
Bg2 Be6 5. h4 Qd7 6. Nd2 O-O-O 7.
e4 Nge7 8. Ne2 f5 9. gxf6 gxf6 10. c3 Rg8 11. Bf3 Bg4 12. Bxg4 Qxg4 13. Ng3 Bh6 14. Qxg4+ Rxg4 15. Ndf1 Bf4 16. Bxf4 exf4 17. Nh5 Ng8 18. f3 Rg2 19. Rh2 Rxh2 20. Nxh2 dxe4 21. dxe4 f5 22. exf5 Nh6 23. f6 Ne5 24. Nxf4 Rf8 25. O-O-O Rxf6 26. Nd5 Rf7 27. f4 Ng6 28. Nf3 c6 29.
Ng5 cxd5 30. Nxf7 Nxf7 31. Rxd5 Nxh4 32. Rh5 Ng2 33. Rxh7 Nd6 34. Rh8+ Kd7 35. Rf8 Ke7 36. Ra8 a6 37. b3 Nxf4 38. c4 Kd7 39. Kd2 Kc6 40. Kc3 Ne6 41. Rh8 a5 42. Rh6 Nc7 43.
a3 b5 44. cxb5+ Nxb5+ 45. Kb2 Kc5 46. Rh5+ Kb6 47. a4 Nc7 48. Ka3 Na6 49. Rh6 Kc6 50.
Rh5 Nb7 51. Rh6+ Nd6 52. Rh5 Kb6 53. Rh6 Kc7 54. Rh5 Nb7 55. Rh7+ Kb8 56. Rh8+ Ka7 57. Rh7 Nb4 58. Rg7 Kb6 59. Rg6+ Kc7 60. Rg7+ Kc6 61. Rg6+ Nd6 62. Rh6 Kc5 63. Rh5+ Nd5 64. Rh8 Ne4 65.
Rc8+ Kb6 66. Rb8+ Kc6 67. Rc8+ Kb6 68. Rh8 Nb4 69. Rh6+ Kc5 70. Rh5+ Kb6 71. Rh6+ Kc5 72. Rh5+ Nd5 73. Rh8 Nec3 74. Rc8+ Kb6 75. Rb8+ Kc5 76. Rc8+ Kb6 77. Rb8+ Kc5 78. Rc8+ 1/2-1/2

[Event "*** Titled Tuesday Blitz"]
[Site "Chess.com"]
[Date "2020.04.14"]
[Round "4"]
[White "Alexander_Zubov"]
[Black "Gabrielian_Artur"]
[Result "1-0"]
[WhiteElo "2881"]
[BlackElo "2684"]
[TimeControl "180+1"]
[EndTime "10:41:19 PDT"]
[Termination "Alexander_Zubov won by resignation"]

1. d4 Nf6 2. c4 c5 3. d5 e6 4.
Nc3 exd5 5. cxd5 d6 6. e4 g6 7. f4 Bg7 8. Bb5+ Nfd7 9. a4 O-O 10. Nf3 Na6 11. O-O Nb4 12. Kh1 a6 13. Bxd7 Bxd7 14.
f5 gxf5 15. Bg5 Qc7 16. Nh4 fxe4 17. Bf6 Rae8 18. Bxg7 Kxg7 19. Nf5+ Bxf5 20. Rxf5 Qe7 21. Qh5 Kh8 22. Re1 e3 23. Re2 f6 24. Kg1 Qg7 25.
Qf3 Qh6 26. Ne4 Nd3 27. Nxd6 Ne5 28. Qxe3 Qxe3+ 29. Rxe3 Rd8 30. Nxb7 Rxd5 31. h3 c4 32. Nd6 Rxd6 33. Rexe5 fxe5 34. Rxf8+ Kg7 35. Rc8 Rd2 36. Rxc4 Rxb2 37. Rc6 a5 38. Rc5 Kf6 39. Rxa5 Kf5 40.
Ra8 Ra2 41. a5 Kf4 42. a6 e4 43. a7 Ke3 44. g4 h6 45. h4 Ra5 46. Kg2 Ke2 47. Kh3 e3 48. g5 hxg5 49. hxg5 Ra6 50. Kg4 Ke1 51. Kh5 e2 52. g6 Ra5+ 53. Kh6 Ra3 54.
g7 Rh3+ 55. Kg6 Rg3+ 56. Kf6 Rf3+ 57. Kg6 Rg3+ 58. Kf7 Rf3+ 59. Ke7 Re3+ 60. Kd6 Kd2 61. g8=Q e1=Q 62. Qa2+ Kd3 63. Qa6+ Kd4 64. Qb6+ Kd3 65. Qb5+ Kd4 66. Qd5+ Kc3 67. Rc8+ Kb2 68. Qb7+ Ka1 69. a8=Q+ 1-0

[Event "*** Titled Tuesday Blitz"]
[Site "Chess.com"]
[Date "2020.04.14"]
[Round "4"]
[White "shyam"]
[Black "theprosecution1"]
[Result "0-1"]
[WhiteElo "2629"]
[BlackElo "2807"]
[TimeControl "180+1"]
[EndTime "10:41:19 PDT"]
[Termination "theprosecution1 won by checkmate"]

1. d4 Nf6 2. Nc3 d5 3. Bf4 a6 4. e3 c5 5. dxc5 Nc6 6. Nf3 Bg4 7. Be2 e6 8. h3 Bxf3 9. Bxf3 Bxc5 10. O-O O-O 11.
e4 d4 12. Ne2 e5 13. Bh2 Re8 14. Nc1 Qe7 15. Nd3 Ba7 16. Kh1 Rad8 17. g4 Nd7 18. Rg1 Nc5 19. g5 g6 20. h4 Ne6 21. Nxe5 Nxe5 22.
Bxe5 Bb8 23. Bf6 Qc7 24. e5 Nc5 25. Bxd8 Qxe5 26. Rg2 Rxd8 27. Qd2 Ne6 28. Re1 Qc7 29. Re4 Kg7 30. h5 Kg8 31. h6 Qc5 32. Rgg4 Qf5 33. Kg2 Be5 34. b4 b5 35. Qd3 Rc8 36. Qe2 Bd6 37.
Rxe6 fxe6 38. Be4 Qe5 39. f4 d3 40. cxd3 Qa1 41. Bxg6 e5 42. Bf5 Rc1 43. Be6+ Kh8 44. Qf3 Rc2+ 45. Kh3 e4 46. dxe4 Rc3 47. Rg3 Rxf3 48.
Rxf3 Qe1 49. Bf5 Qe2 50. Kg3 Bxb4 51. Bg4 Be1+ 52. Kh3 Qxe4 53. Bh5 Kg8 54. Bg4 Bd2 55. Rf2 Bxf4 56. Re2 Qd3+ 57. Kh4 Qg3+ 58. Kh5 Be5 59. Bf5 Kf8 60. Bg4 Ke7 61. g6 hxg6+ 62. Kg5 Kd6 63.
Rd2+ Kc5 64. Rc2+ Kb6 65. h7 Bf4+ 66. Kf6 Qh4+ 67. Kxg6 Be5 68. Bf5 Qg3+ 69. Kf7 a5 70. Ke6 Qg7 71. Be4 Qf6+ 72. Kd5 Qd6# 0-1

[Event "*** Titled Tuesday Blitz"]
[Site "Chess.com"]
[Date "2020.04.14"]
[Round "4"]
[White "GukeshDommaraju"]
[Black "Sam_ChessMood"]
[Result "0-1"]
[WhiteElo "2699"]
[BlackElo "2913"]
[TimeControl "180+1"]
[EndTime "10:41:20 PDT"]
[Termination "Sam_ChessMood won by resignation"]

1. e4 c5 2. Nf3 d6 3. d4 cxd4 4. Nxd4 Nf6 5. Nc3 a6 6. Be3 e5 7. Nf3 Be7 8. Bc4 O-O 9. O-O Be6 10. Bxe6 fxe6 11. Na4 Ng4 12. Qd3 Nxe3 13. Qxe3 b5 14.
Nb6 Ra7 15. Nd5 Rd7 16. Nxe7+ Qxe7 17. a4 b4 18. a5 Rc8 19. Rfd1 Rb7 20. Qd3 Rc6 21.
Nd2 Qc7 22. Qb3 Kf7 23. Nf3 h6 24. Rd2 Nd7 25. Rad1 Nf6 26. Qe3 Rb5 27. h3 Rbc5 28. Ne1 Rxa5 29. Nd3 Rb5 30. Qe2 Rc4 31. f3 Rd4 32. b3 Rb6 33. Nb2 Rxd2 34. Rxd2 d5 35. Nd3 dxe4 36. fxe4 Qc3 37. Qe3 Rb5 38. Kh2 Kg6 39.
Rf2 Qd4 40. Qg3+ Kh7 41. Re2 Nxe4 42. Qe1 Nf6 43. Nxe5 Qf4+ 44. Kg1 Qd4+ 45. Kh1 Ra5 46. Nf3 Qa1 47. Rxe6 Qxe1+ 48. Rxe1 Rc5 49. Nd4 a5 50.
Ra1 Ne4 51. Kg1 Nc3 52. Kf2 Rd5 53. Ke3 Rg5 54. g4 h5 55. Ne6 Re5+ 56. Kd4 Rxe6 57. Rxa5 hxg4 58. hxg4 Re4+ 59. Kd3 Rxg4 60. Rc5 g5 61.
Rc6 Kg7 62. Rb6 Rf4 63. Rc6 g4 64. Rc5 Kf6 65. Rc6+ Kg5 66. Rc8 g3 67. Ke3 Rf6 68.
Rg8+ Rg6 69. Rf8 Kg4 70. Rf1 g2 71. Rg1 Kg3 0-1

[Event "*** Titled Tuesday Blitz"]
[Site "Chess.com"]
[Date "2020.04.14"]
[Round "4"]
[White "Superfelix"]
[Black "donotreadit"]
[Result "1-0"]
[WhiteElo "2547"]
[BlackElo "2709"]
[TimeControl "180+1"]
[EndTime "10:41:21 PDT"]
[Termination "Superfelix won by resignation"]

1. e4 c5 2. Nf3 e6 3. g3 Nc6 4. Bg2 Nf6 5. d3 d5 6. exd5 Nxd5 7. O-O Be7 8. Nbd2 O-O 9. Nc4 b6 10. Re1 Bb7 11. a4 Rc8 12. Bd2 Bf6 13. h4 Nd4 14.
Nfe5 Qc7 15. c3 Nc6 16. Ng4 Be7 17. h5 Rfd8 18. Qe2 Qb8 19. Nce5 Nxe5 20. Nxe5 Rf8 21.
Nd7 Qc7 22. Nxf8 Bxf8 23. Qg4 Nf6 24. Qh3 Bxg2 25. Qxg2 Rd8 26. Qf3 Qd7 27. Bg5 Be7 28. h6 Qxd3 29. Qxd3 Rxd3 30. Rad1 Rf3 31. hxg7 Kxg7 32.
Bf4 Ng4 33. Re2 e5 34. Kg2 Rxf2+ 35. Rxf2 exf4 36. Rd7 Bg5 37. Rxf4 Bxf4 38. gxf4 Ne3+ 39. Kf3 Nc4 40. b4 cxb4 41. cxb4 a5 42. bxa5 bxa5 43. Rd4 Nb6 44. Kg4 Kf8 45. Kf5 Ke7 46. Re4+ Kd6 47.
Kf6 h5 48. Kxf7 h4 49. f5 h3 50. Rh4 Ke5 51. f6 Nd7 52. Rh5+ Kd6 53. Rxh3 Ne5+ 54. Kg7 Ke6 55. f7 Nxf7 56. Re3+ Ne5 57. Rb3 Nc4 58.
Rb5 Kd6 59. Kf6 Kc6 60. Ke6 Ne3 61. Rxa5 Nc2 62. Ra6+ Kc5 63. Ke5 Ne3 64. Ra8 Nc4+ 65.
Ke4 Nb6 66. Ra7 Kb4 67. a5 Nc8 68. Rc7 Nd6+ 69. Kd5 Nb5 70. Rc5 Kxa5 71. Kc6 1-0

[Event "*** Titled Tuesday Blitz"]
[Site "Chess.com"]
[Date "2020.04.14"]
[Round "4"]
[White "kagg1125"]
[Black "nonscitis"]
[Result "1-0"]
[WhiteElo "2522"]
[BlackElo "2665"]
[TimeControl "180+1"]
[EndTime "10:41:26 PDT"]
[Termination "kagg1125 won on time"]

1. e4 e5 2. Nf3 Nc6 3. Bb5 a6 4.
Ba4 Nf6 5. O-O Bc5 6. c3 O-O 7. d4 Ba7 8. Bg5 d6 9. Nbd2 h6 10. Bh4 b5 11. Bb3 Bb7 12. dxe5 Nxe5 13. Re1 Nd3 14. Re2 Nf4 15. Re1 Ng6 16. Bg3 Nh5 17. Nd4 Nxg3 18. hxg3 Qf6 19. N2f3 Rfe8 20. Qc2 Ne5 21.
a4 c6 22. axb5 axb5 23. Ra2 Bb6 24. Rxa8 Rxa8 25. Nxe5 dxe5 26. Nf3 g6 27. c4 bxc4 28. Bxc4 Kg7 29. Rd1 Rd8 30. Rxd8 Bxd8 31. Qc3 Bc7 32. b4 Bc8 33. Bb3 Qe7 34. Nd2 Bd6 35. b5 Bb4 36. Qxc6 Bb7 37. Qc2 Bxd2 38. Qxd2 Bxe4 39. Qe3 Qb4 40. b6 f6 41. Kh2 g5 42. f3 Bf5 43.
g4 Bd7 44. Bc2 Bc6 45. Qd3 Qxb6 46. Qh7+ Kf8 47. Qxh6+ Ke7 48. Qg7+ Ke6 49. Bf5+ Kd6 50. Qxf6+ Kc5 51. Qxg5 Bd5 52. Qe3+ Kb5 53. Qxb6+ Kxb6 54. g5 Kc7 55. Kh3 Kd8 56. Be4 Be6+ 57. Kh4 Ke7 58. Kh5 Kf7 59. g3 Kg7 60. f4 exf4 61. gxf4 Bf7+ 62.
g6 Be8 63. Kg5 1-0

[Event "*** Titled Tuesday Blitz"]
[Site "Chess.com"]
[Date "2020.04.14"]
[Round "4"]
[White "Frolyanov_D"]
[Black "Pavlov_Sergey"]
[Result "1/2-1/2"]
[WhiteElo "2769"]
[BlackElo "2598"]
[TimeControl "180+1"]
[EndTime "10:41:27 PDT"]
[Termination "Game drawn by repetition"]

1. d4 Nf6 2. c4 e6 3. Nc3 Bb4 4.
e3 b6 5. Bd2 Bb7 6. Nf3 O-O 7.
Bd3 d5 8. cxd5 exd5 9. Rc1 a6 10. O-O Nbd7 11. Ne5 Nxe5 12. dxe5 Nd7 13. f4 Nc5 14. Bb1 d4 15. Ne2 Qd5 16. Rf2 Bxd2 17. Qxd2 dxe3 18. Qxe3 Rfd8 19. Ng3 Qd4 20. Qxd4 Rxd4 21.
Nf5 Rd7 22. h3 Rad8 23. Ne3 Be4 24. Bxe4 Nxe4 25. Rfc2 c5 26. Nc4 b5 27. Nd6 Nxd6 28.
exd6 c4 29. b3 cxb3 30. axb3 Rxd6 31. Rc7 g6 32. R1c6 Rxc6 33. Rxc6 Rd3 34. Rxa6 Rxb3 35.
Rb6 h5 36. f5 g5 37. Kf2 Kg7 38. Ke2 Rb2+ 39. Kf3 b4 40. g3 Rb3+ 41. Kf2 Kf8 42. h4 gxh4 43. gxh4 Kg7 44. Kg2 Kf8 45. f6 Kg8 46. Rb7 Rb1 47. Kh2 Kh7 48. Rxf7+ Kg6 49. Rb7 Kxf6 50. Rb5 Kg6 51. Rg5+ Kh6 52. Rb5 b3 53.
Kg2 b2 54. Rb6+ Kg7 55. Kh2 Kf7 56. Kg2 Kg7 57. Kh2 Kf7 58. Kg2 Ke7 59. Rb4 Kd6 60. Kh2 Kc5 61. Rb8 Kd4 62. Rd8+ Ke3 63. Rb8 Kf3 64.
Rb3+ Kg4 65. Rb4+ Kf3 66. Rb3+ Kf4 67. Rb4+ Ke3 68. Kg2 Kd2 69. Rb8 Kc2 70. Rc8+ Kb3 71. Rb8+ Kc3 72. Rc8+ Kb3 73. Rb8+ Kc3 74. Rc8+ Kb3 1/2-1/2

[Event "*** Titled Tuesday Blitz"]
[Site "Chess.com"]
[Date "2020.04.14"]
[Round "4"]
[White "Vuk2000"]
[Black "aa175"]
[Result "1-0"]
[WhiteElo "2624"]
[BlackElo "2371"]
[TimeControl "180+1"]
[EndTime "10:41:27 PDT"]
[Termination "Vuk2000 won by resignation"]

1. d4 Nf6 2. Bg5 g6 3. Bxf6 exf6 4. c4 Bg7 5. Nc3 O-O 6. g3 f5 7. Bg2 d6 8. e3 c5 9. Nge2 Nc6 10. Qd2 Re8 11.
O-O Qb6 12. Nd5 Qd8 13. Rfd1 Be6 14. Rab1 Bxd5 15. Bxd5 Qc7 16. a3 a5 17. Nc3 cxd4 18. Nb5 Qb6 19. exd4 Nxd4 20. Nxd4 Bxd4 21. b4 Bf6 22. bxa5 Qxa5 23. Rxb7 Qxd2 24. Rxd2 Re1+ 25. Kg2 Rf8 26. a4 Ra1 27. Ra7 Bd8 28. Rb2 Bf6 29. Rbb7 Bd4 30. Rxf7 Bxa7 31. Rxa7+ Kh8 32. a5 Rb8 33. a6 Ra2 34. c5 Rd2 35. Rb7 Ra8 36. c6 Rc2 37. c7 Rxc7 38. Rxc7 Rxa6 39. Rd7 Rb6 40. h4 Rb5 41. Rxd6 Rb8 42. Bc6 Kg7 43. Rd7+ Kh6 44. Bf3 Rb4 45. Bd5 Rd4 46. Be6 Re4 47. Bg8 g5 48. Bxh7 gxh4 49. Bxf5 Re5 50. Bh3 hxg3 51. Kxg3 Rb5 52. f3 Kg5 53. Bg4 Kf6 54. Rd4 Rb3 55. Rf4+ Kg6 56. Re4 Rc3 57. Kf4 Kf6 58.
Re6+ Kf7 59. Ra6 Rc4+ 60. Kg3 Kg7 61. Bf5 Rd4 62. f4 Rc4 63. Kg4 Kh8 64. Kg5 Rc1 65. Bg4 Rc5+ 66. f5 Rc7 67. f6 Rf7 68.
Bf5 Rf8 69. Kg6 Rg8+ 70. Kh5 Rf8 71. Bg6 Re8 72. Bxe8 Kg8 73. f7+ Kh7 74. Kg5 Kg7 75. Rg6+ Kf8 76. Rg8+ Ke7 77. f8=Q+ 1-0

[Event "*** Titled Tuesday Blitz"]
[Site "Chess.com"]
[Date "2020.04.14"]
[Round "4"]
[White "Alexander_Donchenko"]
[Black "TomsKantans"]
[Result "0-1"]
[WhiteElo "2850"]
[BlackElo "2675"]
[TimeControl "180+1"]
[EndTime "10:41:28 PDT"]
[Termination "TomsKantans won by checkmate"]

1. Nf3 c5 2. c4 Nc6 3. Nc3 g6 4. e3 Nf6 5. d4 cxd4 6. exd4 d5 7. cxd5 Nxd5 8. Qb3 e6 9. Bb5 Bg7 10. O-O O-O 11. Bxc6 bxc6 12. Re1 Qb6 13. Ne4 Ba6 14. Nc5 Bxd4 15. Qxb6 axb6 16. Nxd4 bxc5 17. Nxc6 Bb5 18.
Ne5 f6 19. Ng4 Kf7 20. a3 Bd3 21. Be3 c4 22. Nh6+ Kg7 23. Ng4 Rfb8 24. Bd4 Rb3 25. Rxe6 Bf5 26. Rd6 Bxg4 27. Rxd5 Re8 28. h3 Bf5 29.
Rd6 Re6 30. Rxe6 Bxe6 31. Bc3 Rb6 32. a4 Rd6 33. a5 Bc8 34. Re1 Kf7 35. f3 h5 36. Kf2 Bb7 37. Ra1 Ba6 38. Ra4 Ke6 39. Rb4 g5 40. Rb8 h4 41. Re8+ Kf5 42. Ke2 Bb5 43.
Rb8 Ba6 44. Ra8 Re6+ 45. Kd2 Rd6+ 46. Kc2 Bb5 47. Rc8 Ba4+ 48. Kb1 Bb3 49. Bd2 Rxd2 50.
Rxc4 Bxc4 51. b4 Rd6 52. Kc2 Bb5 53. Kc3 Rc6+ 54. Kd4 Rd6+ 55. Kc5 Rd2 56. Kxb5 Rxg2 57. a6 Ra2 58. Kb6 Kf4 59. b5 Kxf3 60. a7 g4 61. Kb7 gxh3 62. a8=Q Rxa8 63. Kxa8 h2 64. b6 h1=Q 65.
b7 Qa1+ 66. Kb8 Qe5+ 67. Kc8 Qc5+ 68. Kd7 Qb6 69. Kc8 h3 70. b8=Q Qxb8+ 71. Kxb8 h2 72. Kc7 h1=Q 73. Kd6 f5 74. Ke7 f4 75. Kf6 Qh3 76. Ke5 Qg4 77. Kd4 Kg3 78. Kd3 f3 79.
Kd2 Qe4 80. Kd1 f2 81. Kd2 Kf3 82. Kc3 f1=Q 83. Kb2 Qfd3 84. Ka2 Qee2+ 85. Ka1 Qdd1# 0-1

[Event "*** Titled Tuesday Blitz"]
[Site "Chess.com"]
[Date "2020.04.14"]
[Round "4"]
[White "Angry_Twin"]
[Black "Mr_Sinigami"]
[Result "1-0"]
[WhiteElo "2830"]
[BlackElo "2578"]
[TimeControl "180+1"]
[EndTime "10:41:33 PDT"]
[Termination "Angry_Twin won by resignation"]

1. e4 c5 2. Nf3 Nc6 3. Bb5 g6 4. Bxc6 bxc6 5. O-O Bg7 6. Re1 Nh6 7. c3 O-O 8. h3 f5 9. e5 Nf7 10. d3 Ba6 11.
Bf4 h6 12. h4 c4 13. d4 c5 14.
d5 e6 15. Na3 g5 16. Be3 g4 17. Nd2 Qxh4 18. Bxc5 Rfc8 19. Bd4 Bb7 20. dxe6 dxe6 21. Naxc4 g3 22. fxg3 Qxg3 23. Qe2 Ba6 24. b3 Ng5 25. Nf1 Qh4 26. Qf2 Qh5 27. Nd6 Rf8 28. Qf4 Qg6 29. Kh1 Rad8 30. Ne3 Ne4 31. Nxe4 fxe4 32. Qg4 Qxg4 33. Nxg4 Bd3 34. Nf6+ Bxf6 35. exf6 Rd5 36. Kg1 e5 37. Be3 Rxf6 38. c4 Rd7 39. Rad1 Rg6 40.
c5 Rdg7 41. Rd2 Kf7 42. Rc1 Ke6 43. c6 Rc7 44. Bxa7 Kd6 45. Bb8 Rg8 46. Bxc7+ Kxc7 47. Kf2 Ra8 48. Ke3 Rg8 49. b4 h5 50. Kf2 h4 51.
Rh1 Rf8+ 52. Ke3 Rf4 53. Rh3 Rg4 54. a4 Kxc6 55. Rf2 Kd5 56. Rb2 Kc6 57. b5+ Kb6 58. a5+ Kxa5 59. b6 Rg8 60. b7 Rb8 61. Rxh4 Ka6 62.
Rh6+ Ka7 63. Rh7 Ba6 64. Re7 Bxb7 65. Rxe5 Ka6 66. Re6+ Ka5 67. Reb6 1-0

[Event "*** Titled Tuesday Blitz"]
[Site "Chess.com"]
[Date "2020.04.14"]
[Round "4"]
[White "JoachimMouhamad"]
[Black "BillCoe"]
[Result "0-1"]
[WhiteElo "2230"]
[BlackElo "2071"]
[TimeControl "180+1"]
[EndTime "10:41:33 PDT"]
[Termination "BillCoe won by resignation"]

1. e4 c5 2. Nf3 e6 3. d4 cxd4 4. Nxd4 a6 5. c4 Nf6 6. Nc3 Qc7 7. Bd3 Nc6 8. Nxc6 bxc6 9. O-O e5 10. Be3 Be7 11.
Rc1 O-O 12. b3 d6 13. Na4 Rb8 14. f3 Rd8 15. Qc2 Be6 16. Rfd1 Rd7 17. Qc3 Bd8 18. Bf1 Qa5 19. Qxa5 Bxa5 20. Rd3 Rbd8 21. Rcd1 Kf8 22. Bd2 Bxd2 23. R1xd2 d5 24. cxd5 cxd5 25. exd5 Nxd5 26. Nc5 Rd6 27. Nxe6+ fxe6 28. Kf2 Ke7 29. a3 a5 30. Be2 Rc6 31. g3 Rdc8 32. b4 axb4 33. axb4 Nxb4 34.
Rd7+ Kf6 35. Rb7 Nd5 36. Ra2 R8c7 37. Rbb2 Nc3 38. Ra3 Nxe2 39. Rxe2 Rc2 40. Re3 Rxe2+ 41. Rxe2 Rc4 42. h3 Kf5 43. h4 h6 44. Ra2 g5 45. hxg5 hxg5 46. Re2 e4 47. fxe4+ Rxe4 48. Rd2 Kg4 49. Ra2 e5 50. Rd2 Rd4 51. Ra2 Re4 52. Kg2 Rd4 53. Kf2 e4 54. Kg2 Rd3 55.
Kf2 Rf3+ 56. Kg2 Rd3 57. Kf2 e3+ 58. Ke2 Rd2+ 59. Rxd2 exd2 60. Kxd2 Kxg3 61. Ke1 Kh2 62. Kf1 g4 63. Kf2 g3+ 64. Kf3 g2 65. Kg4 g1=Q+ 66. Kh4 0-1

[Event "*** Titled Tuesday Blitz"]
[Site "Chess.com"]
[Date "2020.04.14"]
[Round "4"]
[White "SHIVACalypso"]
[Black "LogoCzar"]
[Result "1/2-1/2"]
[WhiteElo "2257"]
[BlackElo "2436"]
[TimeControl "180+1"]
[EndTime "10:41:34 PDT"]
[Termination "Game drawn by repetition"]

1. Nf3 d5 2. c4 d4 3. e3 c5 4. exd4 cxd4 5. b4 f6 6. c5 e5 7. d3 a5 8. Qa4+ Bd7 9. b5 Bxc5 10. Be2 Qb6 11. Na3 Bb4+ 12. Nd2 Ne7 13. O-O Bxa3 14.
Bxa3 Qxb5 15. Qc2 Nbc6 16. Ne4 O-O 17. Nd6 Nb4 18. Nxb5 Nxc2 19. Bxe7 Nxa1 20. Bxf8 Bxb5 21. Rxa1 Kxf8 22. Rb1 Bc6 23. Kf1 Ke7 24. g3 Kd6 25. Ke1 Bd5 26. Rb2 Rc8 27. Kd2 Rc3 28. Bd1 Ra3 29. Bb3 Bxb3 30. axb3 b5 31. f4 exf4 32. gxf4 b4 33. Kc2 a4 34. bxa4 Rxa4 35. Kb3 Ra3+ 36.
Kc4 b3 37. Kxd4 Ra2 38. Rxb3 Rxh2 39. Rb6+ Ke7 40. Rb7+ Kf8 41. Kd5 Rh5+ 42. Ke6 g6 43.
Kxf6 Rf5+ 44. Ke6 h5 45. d4 Rxf4 46. d5 Re4+ 47. Kf6 Ke8 48. Kxg6 h4 49. Rh7 Rd4 50. Kf6 Rxd5 51. Rxh4 Kd7 52. Rf4 Kc6 53. Rf5 Rd1 54. Kg5 Kd6 55. Rf6+ Ke7 56. Rf5 Ke6 57. Rf2 Rg1+ 58.
Kf4 Rg8 59. Ke3 Ke5 60. Kf3 Kf5 61. Ke2+ Ke4 62. Rf7 Ra8 63. Re7+ Kd5 64. Rd7+ Ke6 65. Rh7 Kf5 66. Rh3 Kg4 67. Rb3 Kf4 68. Kd3 Rd8+ 69. Kc4 Ke4 70. Kb4 Kd4 71. Ka3 Kc4 72. Rb4+ Kc5 73.
Rb3 Rd2 74. Rb2 Rd3+ 75. Rb3 Rd1 76. Kb2 Kc4 77. Rc3+ Kd4 78. Rc1 Rd2+ 79. Rc2 Rd3 80.
Rc8 Rh3 81. Rd8+ Kc4 82. Rc8+ Kb4 83. Rb8+ Kc4 84. Rc8+ Kb4 85. Rb8+ Kc4 86. Rc8+ 1/2-1/2

[Event "*** Titled Tuesday Blitz"]
[Site "Chess.com"]
[Date "2020.04.14"]
[Round "4"]
[White "czasnaszachy"]
[Black "AnkitGajwa"]
[Result "1/2-1/2"]
[WhiteElo "2344"]
[BlackElo "2545"]
[TimeControl "180+1"]
[EndTime "10:41:37 PDT"]
[Termination "Game drawn by agreement"]

1. d4 Nf6 2. c4 e6 3. Nc3 d5 4.
Bf4 Be7 5. Nf3 O-O 6. e3 Nbd7 7. Rc1 c5 8. dxc5 Nxc5 9. Be2 dxc4 10. Bxc4 a6 11. O-O b5 12. Be2 Bb7 13. Ne5 b4 14.
Nb1 Nd5 15. Bg3 f6 16. Nc4 Qe8 17. Bf3 Rd8 18. Qe2 Qa4 19. Nbd2 Qb5 20. Rfd1 e5 21. Kf1 Nc7 22. Bxb7 Qxb7 23. Na5 Qb5 24. Qxb5 Nxb5 25.
Nc6 Nd3 26. Nxe7+ Kf7 27. Nc6 Nxc1 28. Nxd8+ Rxd8 29. Rxc1 Rxd2 30. Rc6 Rxb2 31. Rxa6 Nc3 32. Ra7+ Kg6 33. f3 Rxa2 34. Rb7 Rb2 35. Be1 Rb1 36.
Kf2 Nd1+ 37. Ke2 Nxe3 38. Kxe3 Rxe1+ 39. Kf2 Rb1 40. Rb8 Rb2+ 41. Kg3 h5 42. h4 b3 43. Rb7 Kh6 44. Rb4 Kh7 45. Rb6 Kg8 46. Rb7 Kh7 47. f4 e4 48. Re7 f5 49. Rb7 e3 50. Kf3 Rf2+ 51. Kxe3 Rxg2 52. Kd4 Rg4 53. Ke5 Rxh4 54. Rxb3 g6 55. Rb7+ Kh6 56. Rb8 Kg7 57. Rb7+ Kf8 58.
Kf6 Ke8 59. Kxg6 Rxf4 60. Kxh5 Rf1 61. Kg5 f4 62. Rb3 f3 63. Kf4 f2 64. Rf3 Ke7 65. Kg3 Ke6 66. Kg2 Re1 67. Kxf2 Re5 68. Rg3 Rf5+ 69.
Kg2 Kf6 70. Ra3 Kg5 71. Ra8 Kg4 72. Rg8+ Rg5 73. Ra8 Rf5 74. Ra4+ Rf4 75. Ra3 Rb4 76. Rg3+ Kf4 77. Rf3+ Ke4 78. Rg3 1/2-1/2

[Event "*** Titled Tuesday Blitz"]
[Site "Chess.com"]
[Date "2020.04.14"]
[Round "4"]
[White "dmvlad"]
[Black "MPGM"]
[Result "1/2-1/2"]
[WhiteElo "2289"]
[BlackElo "2463"]
[TimeControl "180+1"]
[EndTime "10:41:45 PDT"]
[Termination "Game drawn by repetition"]

1. e4 c6 2. d4 d5 3. Nc3 dxe4 4. Nxe4 Nf6 5. Nxf6+ exf6 6. c3 Bd6 7. Bd3 O-O 8. Ne2 Re8 9. Qc2 h5 10. h3 Nd7 11.
O-O Nf8 12. Bf4 Be6 13. Bxd6 Qxd6 14. Rfe1 a5 15. a4 g6 16. Rad1 Rac8 17. Qd2 Kg7 18. Nf4 Bb3 19. Ra1 Rxe1+ 20. Rxe1 Bxa4 21. Ne2 Bb3 22. c4 Qb4 23. Qxb4 axb4 24. Nc1 Ba4 25. b3 Ra8 26. bxa4 Rxa4 27. Nb3 Ra3 28. Rb1 Ne6 29. d5 Nf4 30. dxc6 bxc6 31. Bf1 Ne6 32. c5 f5 33. Bc4 Ng5 34. f3 Nh7 35. Ra1 Nf6 36. Rxa3 bxa3 37. Nc1 Nd7 38. Nd3 g5 39. Kf2 f4 40. Ke2 f5 41. Kd2 Kf6 42. Kc3 g4 43. Kb4 gxh3 44. gxh3 Kg5 45. Kxa3 Kh4 46. Kb4 Kxh3 47. Nxf4+ Kg3 48.
Nxh5+ Kxf3 49. Be6 Nxc5 50. Kxc5 f4 51. Kd4 c5+ 52. Kxc5 Ke3 53. Nf6 f3 54. Ng4+ Kf4 55. Nh2 Kg3 56. Nf1+ Kf2 57. Bc4 Ke1 58. Kd4 Kf2 59. Ke4 Ke1 60. Kxf3 Kd1 61. Kf2 Kc1 62. Ke2 Kb2 63. Kd2 Ka3 64. Kc3 Ka4 65. Nd2 Ka3 66.
Nf3 Ka4 67. Ne1 Ka3 68. Nd3 Ka4 69. Nf2 Ka3 70. Nd1 Ka4 71. Nb2+ Ka3 72. Nd3 Ka4 73. Be6 Ka3 74. Nb4 Ka4 75. Kc4 Ka3 76. Kc3 Ka4 77.
Nc2 Kb5 78. Kd4 Ka4 79. Kc4 Ka5 80. Bd7 Kb6 81. Nd4 Kc7 82. Bb5 Kd6 83. Nf3 Ke6 84.
Kd4 Kf5 85. Ke3 Kg4 86. Bd7+ Kh5 87. Kf4 Kg6 88. Ke5 Kf7 89. Nd4 Kg6 90. Bg4 Kf7 91. Bf5 Ke7 92. Nc6+ Kf7 93. Nd8+ Kg7 94. Ne6+ Kf7 95.
Nf4 Kg7 96. Ke6 Kg8 97. Kf6 Kh8 98. Ng6+ Kg8 99. Ne7+ Kf8 100. Bh7 Ke8 101. Ke6 Kf8 102. Nf5 Ke8 103. Bg6+ Kf8 104. Bh7 Ke8 105. Ne7 Kf8 106. Kf6 Ke8 107. Ke6 1/2-1/2